 Dungeon Crawl Stone Soup version 0.24-a0-182-gc7eaa07895 (webtiles) character file.

Game seed: 13278101306989041128

1029 MrRokkomies the Covert (level 8, 0/52 HPs)
             Began as an Octopode Assassin on Mar 15, 2019.
             Slain by a hippogriff (8 damage)
             ... on level 5 of the Dungeon.
             The game lasted 00:15:56 (5467 turns).

MrRokkomies the Covert (Octopode Assassin)          Turns: 5467, Time: 00:15:57

Health: 0/52       AC:  3    Str: 10    XL:     8   Next: 23%
Magic:  8/17       EV: 16    Int: 18    God:
Gold:   287        SH:  0    Dex: 15    Spells: 7/7 levels left

rFire    x . .     SeeInvis .   a - +3 dagger "Voria" {pierce, rPois rF- rC+ Int+4}
rCold    + . .     Gourm    .   (no shield)
rNeg     . . .     Faith    .   m - +2 hat
rPois    +         Spirit   .   (no amulet)
rElec    .         Reflect  .   v - ring of magical power
rCorr    .         Harm     .   (no ring)
MR       .....                  (no ring)
Stlth    +++++.....             (no ring)
HPRegen  0.17/turn              (no ring)
MPRegen  0.15/turn              (no ring)
                                (no ring)
                                (no ring)

@: no status effects
A: almost no armour, stealthy swim, amphibious, 8 rings, constrict 8, camouflage
1, gelatinous body 1
a: no special abilities


You were on level 5 of the Dungeon.
You were not hungry.

You visited 1 branch of the dungeon, and saw 5 of its levels.

You collected 287 gold pieces.

Inventory:

Hand Weapons
 a - the +3 dagger "Voria" (weapon) {pierce, rPois rF- rC+ Int+4}
   (You found it on level 5 of the Dungeon)

   It inflicts extra damage upon your enemies.
   It affects your intelligence (+4).
   It makes you vulnerable to fire.
   It protects you from cold.
   It protects you from poison.
 b - a +1 blowgun
 p - a +2 dagger
 q - a +2 antimagic dagger
Missiles
 c - 30 poisoned needles
 d - a curare-tipped needle
 l - 146 stones
 o - 7 tomahawks (quivered)
 w - 2 needles of frenzy
Armour
 m - a +2 hat (worn)
Jewellery
 v - a ring of magical power (left tentacle)
Wands
 h - a wand of enslavement (8)
 r - a wand of random effects (24)
Scrolls
 g - a scroll of teleportation
 s - a scroll of fog
 y - a scroll of amnesia {unknown}
 z - a scroll of fear
 A - 2 scrolls of remove curse
Potions
 e - a potion of agility {unknown}
 i - a potion of heal wounds {unknown}
 j - a potion of curing
 k - a potion of invisibility {unknown}
 n - a potion of flight
 t - a potion of mutation {unknown}
 u - a potion of resistance {unknown}
 x - a potion of berserk rage
Comestibles
 f - 6 rations


   Skills:
 * Level 3.5 Fighting
 - Level 2.0 Short Blades
 * Level 6.1 Throwing
 - Level 5.0 Dodging
 + Level 8.0 Stealth


You had 7 spell levels left.
You didn't know any spells.
Your spell library was empty.

Dungeon Overview and Level Annotations

Branches:
Dungeon (5/15)
 Temple: D:4-7

Altars:
Makhleb
Ru
Sif Muna
Trog
The Shining One

Annotations:
D:3 2 transporters, iamserjio's ghost, novice OpWn
D:4 2 transporters, EnegeticOcto's ghost, novice VSCK


Innate Abilities, Weirdness & Mutations

You cannot wear most types of armour.
You are very stealthy in the water. (Stealth+)
You are amphibious.
You can wear up to eight rings at the same time.
You can use your tentacles to constrict eight enemies at once.
Your skin changes colour to match your surroundings (Stealth+).
Your rubbery body absorbs attacks. (AC +1, EV +1)


Message History

You hit the hippogriff.
The hippogriff is moderately wounded.
The hippogriff misses you. x2; The hippogriff closely misses you.
There is a bloodstained altar of Trog here.
You see here an animal skin.
You barely miss the hippogriff.
The hippogriff is severely wounded.
The hippogriff misses you. x2; The hippogriff claws you.
* * * LOW HITPOINT WARNING * * *
You barely miss the hippogriff.
The hippogriff is severely wounded.
The hippogriff barely misses you. The hippogriff completely misses you.
The hippogriff closely misses you.
Evoke which item? (* to show all) (? for menu, Esc to quit)
Aiming: Enslavement
Press: ? - help, Shift-Dir - straight line, f/p - hippogriff
Aim: a hippogriff (severely wounded, poisoned, chance to defeat MR: 41%)
The hippogriff resists with some effort.
The hippogriff bites you!
You die...

######## ##########......#
.........#......#
.........#......#
.........#......#
................#
........_.......#
...##..........# #...#.H@...#
..........+......#
....(.$...#.....†###+##
...(......#...........########
(.(.......#...................
.(........#...................
..........#...................
..........#...................
##...................


You could see a hippogriff.

Vanquished Creatures
  Sigmund (D:2)
  2 sky beasts (D:5)
  An ogre (D:4)
  2 scorpions
  A bullfrog zombie (D:5)
  2 hounds
  An orc priest (D:4)
  An orc wizard (D:4)
  Jessica (D:2)
  Ijyb (D:3)
  An iguana (D:4)
  A worker ant (D:4)
  Robin (D:3)
  4 gnolls
  6 adders
  4 worms
  4 dart slugs
  2 leopard geckos
  16 orcs
  8 giant cockroaches
  19 goblins
  14 hobgoblins
  5 jackals
  4 quokkas
  8 bats
  A frilled lizard (D:4)
  10 kobolds
  A quokka skeleton (D:4)
  6 rats
128 creatures vanquished.

Notes
Turn   | Place    | Note
-------+----------+-------------------------------------------
     0 | D:1      | MrRokkomies the Octopode Assassin began the quest for the
                  | Orb.
     0 | D:1      | Reached XP level 1. HP: 14/14 MP: 1/1
   103 | D:1      | Reached XP level 2. HP: 16/19 MP: 2/2
   322 | D:1      | Reached XP level 3. HP: 15/24 MP: 3/3
  1700 | D:2      | Reached XP level 4. HP: 22/29 MP: 4/4
  1987 | D:2      | Noticed Sigmund
  1999 | D:2      | Killed Sigmund
  1999 | D:2      | Reached skill level 6 in Stealth
  1999 | D:2      | Reached XP level 5. HP: 34/34 MP: 5/5
  1999 | D:2      | Reached XP level 6. HP: 39/39 MP: 6/6
  2248 | D:2      | Noticed Jessica
  2255 | D:2      | Killed Jessica
  2879 | D:3      | Noticed Ijyb
  2884 | D:3      | Killed Ijyb
  2976 | D:3      | Found a transporter.
  3010 | D:3      | Noticed iamserjio's ghost (novice OpWn)
  3011 | D:3      | Identified the +5 dire flail of Exquisite Death {crush,
                  | *Noise rElec rF- SInv}
  3012 | D:3      | Found a transporter.
  3561 | D:3      | Noticed Robin
  3630 | D:3      | Killed Robin
  3641 | D:3      | Reached skill level 7 in Stealth
  4025 | D:4      | Reached XP level 7. HP: 45/45 MP: 7/7
  4096 | D:3      | Found a burning altar of Makhleb.
  4096 | D:3      | Found a glowing golden altar of the Shining One.
  4173 | D:4      | Found a transporter.
  4175 | D:4      | Noticed EnegeticOcto's ghost (novice VSCK)
  4215 | D:4      | Found a transporter.
  4380 | D:4      | Reached skill level 5 in Throwing
  4441 | D:4      | Reached skill level 5 in Dodging
  4778 | D:4      | Found a deep blue altar of Sif Muna.
  4972 | D:5      | Entered Level 5 of the Dungeon
  5295 | D:5      | Reached XP level 8. HP: 51/52 MP: 5/8
  5298 | D:5      | Found a sacrificial altar of Ru.
  5425 | D:5      | Reached skill level 8 in Stealth
  5426 | D:5      | Found a bloodstained altar of Trog.
  5440 | D:5      | Noticed a hippogriff
  5443 | D:5      | Got a polished dagger
  5444 | D:5      | Identified the +3 dagger "Voria" {pierce, rPois rF- rC+
                  | Int+4} (You found it on level 5 of the Dungeon)
  5467 | D:5      | Slain by a hippogriff

Levels and vault maps discovered:
D:1:      erik_arrival_cave_to_civilisation [erik_arrival_cave_to_hall],
          layout_loops_corners
D:2:      layout_loops_ring, minmay_hexomino_c4, uniq_sigmund, uniq_jessica
D:3:      kennysheep_goblin_castle, layout_loops_corners,
          nicolae_overflow_hidden_temple, gammafunk_ghost_smash, first_ration,
          uniq_ijyb
D:4:      layout_loops_cross, lemuel_blue_sif_altar, gammafunk_ghost_arena
D:5:      layout_gridville, bloody_trog, ebering_ghost_rock_garden,
          hangedman_ru_absence

Skill      XL: |  1  2  3  4  5  6  7  8 |
---------------+-------------------------+-----
Dodging        | 2 3 4 5 |  5.0
Throwing       | 3 4 5 6 |  6.1
Stealth        | 6 7 8 |  8.0
Fighting       | 3 |  3.5
Short Blades   | |  2.0

Action                   |  1- 3 |  4- 6 |  7- 9 || total
-------------------------+-------+-------+-------++-------
Melee: Dagger            |    64 |   117 |   120 ||   301
       Constrict         |    15 |    22 |    22 ||    59
       Tentacles         |     6 |    15 |    21 ||    42
 Fire: Blowgun           |     4 |     2 |    30 ||    36
Throw: Stone             |       |    48 |     2 ||    50
       Tomahawk          |       |       |     5 ||     5
Evoke: Wand              |       |       |     1 ||     1
  Use: Scroll            |       |    10 |     1 ||    11
       Potion            |       |       |     3 ||     3
 Stab: Sleeping          |    10 |    18 |     5 ||    33
       Distracted        |       |     1 |       ||     1
  Eat: Chunk             |     2 |     7 |     5 ||    14
Armor: Skin              |    10 |    13 |    20 ||    43
Dodge: Dodged            |    35 |    79 |    71 ||   185

Table legend:
 A = Non-vault XP
 B = Vault XP
 C = Vault XP percentage of total XP
 D = Non-vault monster count
 E = Vault monster count
 F = Vault count percentage of total count
                 A         B        C        D         E       F
            +---------+---------+-------+---------+---------+-------
      Total |    1110 |     361 |  24.5 |      97 |      31 |  24.2
            +---------+---------+-------+---------+---------+-------
        D:1 |      54 |       4 |   6.9 |      25 |       2 |   7.4
        D:2 |     155 |     267 |  63.3 |      28 |       7 |  20.0
        D:3 |      19 |      90 |  82.6 |       9 |      22 |  71.0
        D:4 |     460 |       0 |   0.0 |      30 |       0 |   0.0
        D:5 |     422 |       0 |   0.0 |       5 |       0 |   0.0
            +---------+---------+-------+---------+---------+-------
